 Dungeon Crawl Stone Soup version 0.31.0-11-ge490571c62 (webtiles) character file.

Game seed: 6901837322332548453

124308 AlmostDecent the Severer (level 16, -7/141 HPs)
             Began as a Demonspawn Berserker on Jan 27, 2024.
             Was the Champion of Trog.
             Mangled by a swamp worm (21 damage)
             ... on level 15 of the Dungeon on Jan 28, 2024.
             The game lasted 01:26:26 (18487 turns).

AlmostDecent the Severer (Demonspawn Berserker)    Turns: 18487, Time: 01:26:26

Health: -7/141     AC: 19    Str: 33    XL:     16   Next: 38%
Magic:  7/7        EV: 10    Int:  9    God:    Trog [******]
Gold:   2774       SH:  0    Dex: 10    Spells: 15/15 levels left

rFire   + + .        P - +8 battleaxe (vamp)
rCold   + + +        (shield currently unavailable)
rNeg    . . .        G - +0 storm dragon scales of Fashionability {rElec rC+++ MP-9 Str+7 Dex-3}
rPois   .            c - +2 helmet
rElec   +            S - scarf {rC+ rF+}
rCorr   .            (no gloves)
SInv    .            d - +0 pair of boots
Will    +....        f - amulet of Reipp {Regen+ Str+2} Stlth
                     B - ring of flight
HPRegen 1.23/turn    h - ring of protection from fire
MPRegen 0.10/turn

%: no passive effects
@: flying
A: foul stench 3, powered by death 2, sharp scales 1, weakness stinger 2
a: Renounce Religion, Berserk, Trog's Hand, Brothers in Arms


You were on level 15 of the Dungeon.
You worshipped Trog.
Trog was exalted by your worship.
You visited 3 branches of the dungeon, and saw 21 of its levels.
You also visited: Gauntlet, Ice Cave and Volcano.

You collected 3874 gold pieces.
You spent 1100 gold pieces at shops.

Inventory:

Hand Weapons
 w - a +6 vampiric spear
 y - a +3 broad axe of freezing
 J - a +5 executioner's axe
 P - a +8 vampiric battleaxe (weapon)
 W - a +1 antimagic broad axe
Armour
 c - a +2 helmet (worn)
 d - a +0 pair of boots (worn)
 G - the +0 storm dragon scales of Fashionability (worn) {rElec rC+++ MP-9 Str+7 Dex-3}
   (You found it on level 13 of the Dungeon)

   Str+7:     It affects your strength (+7).
   Dex-3:     It affects your dexterity (-3).
   rC+++:     It renders you almost immune to cold.
   rElec:     It insulates you from electricity.
   MP-9:      It affects your magic capacity (-9).
 R - the +2 plate armour of Zeclo {rPois rCorr}
   (You found it in a Gauntlet)

   rPois:     It protects you from poison rCorr: It protects you from acid and
   corrosion.
 S - a scarf of resistance (worn)
 Z - +0 fire dragon scales
Jewellery
 f - the amulet of Reipp (around neck) {Regen+ Str+2}
   (You acquired it on level 12 of the Dungeon)

   [amulet of regeneration]

   Str+2:     It affects your strength (+2).
   Regen+:    It increases your rate of health regeneration.
 h - a ring of protection from fire (right hand)
 l - a ring of protection from cold
 s - an amulet of reflection
 B - a ring of flight (left hand)
 M - a ring of protection from cold
 Q - the amulet "Usagh" {Will+ Regen+}
   (You found it in a Gauntlet)

   [amulet of regeneration]

   Will+:     It increases your willpower.
   Regen+:    It increases your rate of health regeneration.
 Y - an amulet of faith
Wands
 t - a wand of digging (11)
 D - a wand of roots (20)
 O - a wand of mindburst (5)
 T - a wand of polymorph (6)
 U - a wand of charming (11)
Scrolls
 b - 3 scrolls of poison
 n - a scroll of enchant armour
 o - 4 scrolls of revelation
 p - 4 scrolls of identify
 u - a scroll of silence
 C - 2 scrolls of fog
 L - a scroll of teleportation
 N - 5 scrolls of immolation
 X - 2 scrolls of butterflies
Potions
 e - a potion of cancellation
 g - 2 potions of resistance
 j - 6 potions of attraction
 k - a potion of enlightenment {unknown}
 m - 2 potions of mutation
 q - 7 potions of invisibility
 r - 3 potions of heal wounds
 v - 3 potions of haste
 x - 7 potions of curing
 z - 3 potions of berserk rage
 A - 2 potions of lignification
 F - 3 potions of might
 H - a potion of degeneration {unknown}
 K - 3 potions of magic
Miscellaneous
 i - a phantom mirror
 I - a lightning rod (4/4)
 V - a phial of floods


   Skills:
 * Level 17.4 Fighting
 - Level 20.5(20.6) Axes
 + Level 3.0(13.8) Polearms
 + Level 7.6 Armour
 + Level 2.4 Dodging
 + Level 4.0 Shields


You had 15 spell levels left.
You didn't know any spells.
Your spell library was empty.

Dungeon Overview and Level Annotations

Branches:
Dungeon (15/15)            Temple (0/1) D:4            Lair (5/5) D:11
  Swamp (0/4) Lair:2       Spider (0/4) Lair:3        Slime (0/5) Lair:5
    Orc (2/2) D:11            Elf (0/3) Orc:2        Vaults (0/5) D:13
 Depths (0/4) D:15          IceCv (visited)         Volcano (visited)
Gauntlet (visited)

Altars:
Ashenzari
Dithmenos
Gozag
Hepliaklqana
Nemelex Xobeh
Uskayaw
Xom
Yredelemnul

Shops:
D:9 [[((?   Orc:1 (   Orc:2 !*?(

Annotations:
D:9 Amaemon
Lair:5 1 runed translucent door
Orc:1 3 runed translucent doors, Tinen's ghost, journeyman TrMo


Innate Abilities, Weirdness & Mutations

You frequently emit foul miasma when damaged in melee.
You regenerate health from kills.
You are partially covered in razor-sharp scales. (AC +1, Slay +1)
You have a tail ending in a sharp stinger.


Message History

The swamp worm bites you!
The moth of wrath goads the demonic crawler on!
The demonic crawler goes berserk!
You completely miss the demonic crawler.
The demonic crawler is moderately wounded.
You miss the swamp worm.
A nearby plant withers and dies.
The demonic crawler hits you.
The demonic crawler hits you but does no damage. x2
You slice the demonic crawler!!
The demonic crawler is severely wounded.
You cut the demonic crawler into ribbons!!!
You miss the swamp worm.
The demonic crawler hits you but does no damage.
The demonic crawler hits you!! The demonic crawler hits you!
The swamp worm bites you but does no damage.
The swamp worm rages.
The demonic crawler hits you.
You emit a cloud of foul miasma!
The demonic crawler hits you!
The demonic crawler hits you but does no damage. x2
The demonic crawler hits you!!
You emit a cloud of foul miasma!
The demonic crawler hits you!!
You are too injured to fight recklessly!
You are too injured to fight recklessly!
Okay, then.
You feel much better.
The demonic crawler completely misses you.
The demonic crawler closely misses you. The demonic crawler barely misses you.
The swamp worm bites you! x2
The moth of wrath goads the demonic crawler on!
The demonic crawler goes berserk!
The moth of wrath goads the swamp worm on!
The swamp worm goes berserk!
The demonic crawler hits you!!
* * * LOW HITPOINT WARNING * * *
The demonic crawler barely misses you. The demonic crawler hits you!
* * * LOW HITPOINT WARNING * * *
The demonic crawler hits you.
* * * LOW HITPOINT WARNING * * *
The demonic crawler barely misses you. The demonic crawler misses you.
The swamp worm bites you!!
You die...

#... ~~....# ###+
≈~....# ...~~
~~~~~#~~....
...~≈##~~w##≈~...
#...~~~#|w~#~~~.####.
#..#.~~##w##~~.......
#######
#..#..~≈~~www........
.......
#..#..~~~~ys@........
...####
#..####~~~~s..?......
#....................
#....................
#.......#############
#####.......#
............#
...?.#####..# .....#
#..#


You could see 2 demonic crawlers, a moth of wrath and 4 swamp worms.

Vanquished Creatures
  Roxanne (D:15)
  A fire giant (D:14)
  A frost giant (IceCv)
  The ghost of browni3141 the Severer, a journeyman MiFi of Okawaru (Lair:5)
  A minotaur (Gauntlet)
  A red draconian (Volcano)
  An ettin (Orc:1)
  A fire dragon (Lair:5)
  The ghost of browni3141 the Cleaver, a journeyman MiFi of Okawaru (D:11)
  6 hydras
  2 ogre magi
  A catoblepas (Lair:2)
  8 centaur warriors
  A tengu warrior (D:12)
  11 two-headed ogres
  5 boulder beetles
  Urug (Lair:3)
  13 death yaks
  A deep troll earth mage (D:14)
  A vampire mage (D:15)
  Sonja (Lair:1)
  A storm dragon zombie (D:15)
  5 orc high priests (Orc:2)
  2 skeletal warriors (D:15)
  3 skysharks
  A salamander mystic (Volcano)
  2 spriggan druids (Lair:2)
  A spark wasp zombie (D:15)
  A deep elf archer (D:13)
  2 arcanists
  A lindwurm (Lair:5)
  5 deep elf pyromancers
  A necromancer (D:15)
  4 ugly things
  2 deep elf zephyrmancers (D:13)
  11 orc knights
  4 cyclopes
  5 salamanders (Volcano)
  2 orc sorcerers (Orc:2)
  6 manticores
  7 black mambas (Lair:5)
  2 black mambas (shapeshifter)
  11 elephants
  4 molten gargoyles
  An orange demon (D:9)
  An ice statue (IceCv)
  3 torpor snails
  3 gargoyles
  11 cane toads
  An unseen horror (D:11)
  3 freezing wraiths
  A rime drake (Lair:2)
  2 yaktaurs (D:13)
  16 komodo dragons
  A polar bear (shapeshifter) (D:12)
  6 trolls
  4 hornets
  8 polar bears (IceCv)
  20 blink frogs
  A spriggan zombie (D:15)
  Prince Ribbit (D:7)
  7 dream sheep
  4 centaur simulacra
  2 vampires
  7 slime creatures
  5 wyverns
  4 wraiths
  65 yaks
  3 culicivoras (Lair:3)
  11 basilisks
  3 fire bats (Volcano)
  4 shadows
  11 vampire mosquitoes
  5 steam dragons
  3 wargs
  An acid dragon (D:11)
  4 hell hounds
  11 water moccasins
  34 orc warriors
  A black bear (D:11)
  4 ice beasts (D:11)
  A sky beast (D:7)
  An ice dragon simulacrum (Gauntlet)
  4 laughing skulls
  9 ogres
  41 wolves
  18 centaurs
  4 kobold brigands
  6 bullfrogs
  2 scorpions
  2 gnoll sergeants
  4 killer bees (D:9)
  A vampire bat (Lair:1)
  7 howler monkeys
  11 lava snakes
  25 orc priests
  4 hounds
  2 bombardier beetles
  3 gnoll boudas
  A sleepcap (D:4)
  Jessica (D:2)
  3 iguanas
  Natasha (D:2)
  Terence (D:2)
  11 orc wizards
  2 hell rats (Lair:4)
  2 boggart simulacra
  7 adders
  15 gnolls
  10 river rats (Lair:4)
  8 white imps
  An ufetubus (D:6)
  2 dart slugs (D:1)
  2 ribbon worms (D:2)
  77 orcs
  13 bats
  6 endoplasms
  A giant cockroach (D:1)
  4 goblins
  2 hobgoblins
  2 quokkas
  6 ball pythons
  4 frilled lizards
  23 kobolds
  5 rats
770 creatures vanquished.

Vanquished Creatures (others)
  2 yaktaurs (D:13)
  A hell hound (Lair:5)
  A wolf (shapeshifter) (D:14)
  An orc wizard (D:14)
5 creatures vanquished.

Grand Total: 775 creatures vanquished

Notes
Turn   | Place    | Note
-------+----------+-------------------------------------------
     0 | D:1      | AlmostDecent the Demonspawn Berserker began the quest for
                  | the Orb.
     0 | D:1      | Reached XP level 1. HP: 18/18 MP: 1/1
   118 | D:1      | Reached skill level 3 in Axes
   133 | D:1      | Gained mutation: You regenerate a little health from kills.
                  | [demonic ancestry]
   133 | D:1      | Reached XP level 2. HP: 22/24 MP: 2/2
   497 | D:1      | Reached ** piety under Trog
   799 | D:2      | Gained mutation: You have a small tail. [demonic ancestry]
   799 | D:2      | Reached XP level 3. HP: 28/29 MP: 3/3
   835 | D:2      | Noticed Terence
   849 | D:2      | Killed Terence
   854 | D:2      | Reached skill level 4 in Axes
   984 | D:2      | Gained mutation: You are partially covered in razor-sharp
                  | scales. (AC +1, Slay +1) [demonic ancestry]
   984 | D:2      | Reached XP level 4. HP: 35/35 MP: 4/4
   991 | D:2      | Found a faded altar of an unknown god.
  1020 | D:2      | Noticed Natasha
  1026 | D:2      | Noticed Jessica
  1032 | D:2      | Killed Natasha
  1032 | D:2      | Killed Jessica
  1336 | D:3      | Reached XP level 5. HP: 38/42 MP: 5/5
  1633 | D:3      | Reached skill level 5 in Axes
  1771 | D:4      | Found a staircase to the Ecumenical Temple.
  2089 | D:4      | Gained mutation: You may rarely emit foul miasma when
                  | damaged in melee. [demonic ancestry]
  2089 | D:4      | Reached XP level 6. HP: 48/48 MP: 6/6
  2176 | D:4      | You fall into a shaft and drop 2 floors!
  2211 | D:6      | Reached skill level 6 in Axes
  2276 | D:6      | Reached XP level 7. HP: 48/54 MP: 7/7
  2279 | D:6      | Reached skill level 7 in Axes
  2563 | D:6      | Found a shadowy altar of Dithmenos.
  2707 | D:6      | Reached *** piety under Trog
  2719 | D:6      | Reached skill level 8 in Axes
  3212 | D:7      | Reached skill level 1 in Shields
  3212 | D:7      | Gained mutation: You have a tail ending in a sharp stinger.
                  | [demonic ancestry]
  3212 | D:7      | Reached XP level 8. HP: 60/61 MP: 8/8
  3217 | D:7      | Found a shimmering altar of Xom.
  3217 | D:7      | Found a broken altar of Ashenzari.
  3247 | D:7      | Found a hazy altar of Hepliaklqana.
  3274 | D:7      | Identified a scroll of acquirement
  3274 | D:7      | Acquired the +0 battleaxe of Context {vamp, Int+4}
  3338 | D:7      | Reached skill level 9 in Axes
  3381 | D:7      | Noticed Prince Ribbit
  3388 | D:7      | Killed Prince Ribbit
  3688 | D:7      | Reached skill level 5 in Fighting
  3701 | D:7      | Reached skill level 10 in Axes
  4040 | D:8      | Gained mutation: You regenerate health from kills. [demonic
                  | ancestry]
  4040 | D:8      | Reached XP level 9. HP: 63/68 MP: 9/9
  4395 | D:9      | Reached skill level 11 in Axes
  4398 | D:9      | Reached **** piety under Trog
  4435 | D:9      | Found Taasacum's Magic Scroll Boutique.
  4446 | D:9      | Bought a scroll of identify for 28 gold pieces
  4446 | D:9      | Bought a scroll of identify for 28 gold pieces
  4446 | D:9      | Bought a scroll of identify for 28 gold pieces
  4446 | D:9      | Bought a scroll of identify for 28 gold pieces
  4513 | D:9      | Found Giah's Antique Weapon Shop.
  4578 | D:9      | Noticed Amaemon
  4578 | D:9      | Noticed an orange demon
  4587 | D:9      | Killed an orange demon
  4690 | D:9      | Found Lalot's Armour Boutique.
  4926 | D:9      | Found Gyneunua's Antique Weapon Emporium.
  5083 | D:9      | Found Sosch's Antique Armour Boutique.
  5268 | D:9      | Bought an ebony morningstar for 252 gold pieces
  5268 | D:9      | Identified the +2 morningstar of the Wilderness {freeze,
                  | Dex+3} (You bought it in a shop on level 9 of the Dungeon)
  5282 | D:10     | Entered Level 10 of the Dungeon
  5282 | D:10     | Noticed a boulder beetle
  5302 | D:10     | Killed a boulder beetle
  5303 | D:10     | Reached skill level 12 in Axes
  5303 | D:10     | Gained mutation: You sometimes emit foul miasma when
                  | damaged in melee. [demonic ancestry]
  5303 | D:10     | Reached XP level 10. HP: 73/76 MP: 10/10
  5429 | D:10     | Found a basalt altar of Yredelemnul.
  5431 | D:10     | Found an opulent altar of Gozag.
  5431 | D:10     | Found a hide-covered altar of Uskayaw.
  6178 | D:10     | Reached skill level 13 in Axes
  6275 | D:11     | Found a runed translucent gate.
  6276 | D:11     | Found a runed translucent gate.
  6276 | D:11     | Found a runed translucent gate.
  6306 | D:11     | Noticed browni3141's ghost (journeyman MiFi)
  6471 | D:11     | Noticed a manticore
  6486 | D:11     | Killed a manticore
  6487 | D:11     | Reached skill level 14 in Axes
  6488 | D:11     | Noticed a two-headed ogre
  6501 | D:11     | Killed a two-headed ogre
  6502 | D:11     | Reached XP level 11. HP: 42/84 MP: 11/11
  6586 | D:11     | Found a staircase to the Lair.
  7106 | D:11     | Found a staircase to the Orcish Mines.
  7351 | D:11     | Killed browni3141's ghost
  7352 | D:11     | Reached skill level 15 in Axes
  7601 | D:12     | Noticed a two-headed ogre
  7609 | D:12     | Killed a two-headed ogre
  8030 | D:12     | Noticed a two-headed ogre
  8035 | D:12     | Noticed a white ugly thing
  8038 | D:12     | Killed a two-headed ogre
  8051 | D:12     | Killed a white ugly thing
  8069 | D:12     | Noticed a six-headed hydra
  8069 | D:12     | Noticed a tengu warrior
  8307 | D:12     | Acquired a +0 vampiric battleaxe
  8321 | D:12     | Noticed a two-headed ogre
  8328 | D:12     | Killed a two-headed ogre
  8329 | D:12     | Reached skill level 16 in Axes
  8494 | D:12     | Noticed a boulder beetle
  8503 | D:12     | Reached XP level 12. HP: 76/94 MP: 12/12
  8521 | D:12     | Killed a boulder beetle
  8536 | D:12     | Killed a tengu warrior
  8566 | D:12     | HP: 1/94 [vampire mosquito (6)]
  8699 | D:12     | Acquired the amulet of Reipp {Regen+ Str+2}
  8714 | D:12     | Acquired 1253 gold pieces
  9164 | Lair:1   | Entered Level 1 of the Lair of Beasts
  9219 | Lair:1   | Noticed Sonja
  9226 | Lair:1   | Killed Sonja
  9227 | Lair:1   | Reached skill level 17 in Axes
  9422 | Lair:1   | Found a frozen archway.
  9430 | IceCv    | Entered an ice cave
  9586 | IceCv    | Noticed a death yak
  9593 | IceCv    | Killed a death yak
  9738 | IceCv    | Reached XP level 13. HP: 103/103 MP: 13/13
  9768 | IceCv    | Reached ***** piety under Trog
  9781 | IceCv    | Reached skill level 18 in Axes
  9853 | IceCv    | Noticed a frost giant
  9863 | IceCv    | Reached skill level 10 in Fighting
  9876 | IceCv    | Killed a frost giant
  9965 | IceCv    | Identified the staff of Laceration {^Contam +Blink rElec
                  | SInv Stlth- Air}
 10762 | Lair:2   | Identified the orb "Tuitatuh" {*Rage, rF+}
 10789 | Lair:2   | Found a gate leading to a gauntlet.
 10801 | Gauntlet | Entered a Gauntlet
 10801 | Gauntlet | Found a transporter.
 10810 | Gauntlet | Found a transporter.
 10814 | Gauntlet | Found a transporter.
 10815 | Gauntlet | Found a transporter.
 10815 | Gauntlet | Found a transporter.
 10816 | Gauntlet | Found a transporter.
 10817 | Gauntlet | Found a large runed translucent door.
 10818 | Gauntlet | Found a large runed translucent door.
 10819 | Gauntlet | Found a large runed translucent door.
 10819 | Gauntlet | Found a large runed translucent door.
 10819 | Gauntlet | Found a runed translucent door.
 10819 | Gauntlet | Found a runed translucent door.
 10820 | Gauntlet | Found a large runed translucent door.
 10820 | Gauntlet | Found a large runed translucent door.
 10820 | Gauntlet | Found a large runed translucent door.
 10820 | Gauntlet | Found a runed translucent door.
 10820 | Gauntlet | Found a large runed translucent door.
 10821 | Gauntlet | Found a large runed translucent door.
 10821 | Gauntlet | Found a large runed translucent door.
 10821 | Gauntlet | Found a large runed translucent door.
 10822 | Gauntlet | Found a large runed translucent door.
 10828 | Gauntlet | Found a runed translucent door.
 10832 | Gauntlet | Found a large runed translucent door.
 10832 | Gauntlet | Found a large runed translucent door.
 10834 | Gauntlet | Found a runed translucent gate.
 10834 | Gauntlet | Found a transporter.
 10862 | Gauntlet | Found a transporter.
 10862 | Gauntlet | Found a runed translucent gate.
 10863 | Gauntlet | Found a runed translucent gate.
 10865 | Gauntlet | Found a large runed translucent door.
 10866 | Gauntlet | Found a large runed translucent door.
 10885 | Gauntlet | Found a transporter.
 10905 | Gauntlet | Found a transporter.
 10907 | Gauntlet | Found a transporter.
 10921 | Gauntlet | Found a transporter.
 10989 | Gauntlet | Reached skill level 19 in Axes
 11004 | Gauntlet | Identified the amulet "Usagh" {Will+ Regen+}
 11006 | Gauntlet | Identified the +2 plate armour of Zeclo {rPois rCorr}
 11091 | Gauntlet | Noticed a minotaur
 11103 | Gauntlet | Killed a minotaur
 11111 | Gauntlet | Identified the +4 dagger "Pidub" {elec, Will+}
 11724 | Lair:2   | Gained mutation: You frequently emit foul miasma when
                  | damaged in melee. [demonic ancestry]
 11724 | Lair:2   | Reached XP level 14. HP: 100/113 MP: 14/14
 11779 | Lair:2   | Found a staircase to the Swamp.
 11917 | Lair:3   | Found a hole to the Spider Nest.
 12036 | Lair:3   | Noticed Urug
 12048 | Lair:3   | Killed Urug
 12074 | Lair:3   | Found a shimmering altar of Xom.
 12138 | Lair:3   | Reached skill level 20 in Axes
 12141 | Lair:3   | Received a gift from Trog
 12823 | Lair:4   | Found a dark tunnel.
 12833 | Volcano  | Entered a volcano
 12979 | Volcano  | Found a burning altar of Makhleb.
 13005 | Volcano  | Reached skill level 1 in Polearms
 13030 | Volcano  | Identified the +1 leather armour "Ziggiuj" {*Slow rPois
                  | rF+++ Dex+3}
 13571 | Lair:5   | Entered Level 5 of the Lair of Beasts
 13598 | Lair:5   | Received a gift from Trog
 13683 | Lair:5   | Found a runed translucent door.
 13686 | Lair:5   | Noticed an acid blob
 13687 | Lair:5   | Found a staircase to the Slime Pits.
 13687 | Lair:5   | Noticed an acid blob
 14039 | Lair:5   | Found a runed translucent door.
 14041 | Lair:5   | Noticed browni3141's ghost (journeyman MiFi)
 14069 | Lair:5   | Reached XP level 15. HP: 113/124 MP: 15/15
 14093 | Lair:5   | Killed browni3141's ghost
 14499 | Lair:5   | Found a large runed translucent door.
 14499 | Lair:5   | Found a large runed translucent door.
 14902 | Orc:1    | Entered Level 1 of the Orcish Mines
 14937 | Orc:1    | Found a runed translucent gate.
 14938 | Orc:1    | Found a runed translucent gate.
 14938 | Orc:1    | Found a runed translucent gate.
 14939 | Orc:1    | Noticed Tinen's ghost (journeyman TrMo)
 14976 | Orc:2    | Entered Level 2 of the Orcish Mines
 14976 | Orc:2    | Found a staircase to the Elven Halls.
 15354 | Orc:2    | Reached ****** piety under Trog
 15462 | Orc:2    | Reached skill level 5 in Armour
 15513 | Orc:2    | Reached skill level 15 in Fighting
 15552 | Orc:2    | Found Sucithru's Weapon Shop.
 15552 | Orc:2    | Found Gauh's Distillery.
 15553 | Orc:2    | Found Agemoor's Magic Scroll Shop.
 15553 | Orc:2    | Found Qegger's Assorted Antiques.
 15561 | Orc:2    | Bought a scroll of identify for 28 gold pieces
 15561 | Orc:2    | Bought a scroll of identify for 28 gold pieces
 15561 | Orc:2    | Bought a scroll of identify for 28 gold pieces
 15561 | Orc:2    | Bought a scroll of blinking for 105 gold pieces
 15561 | Orc:2    | Bought a scroll of identify for 28 gold pieces
 15561 | Orc:2    | Bought a scroll of identify for 28 gold pieces
 15574 | Orc:2    | Bought a potion of heal wounds for 70 gold pieces
 15574 | Orc:2    | Bought 2 potions of curing for 84 gold pieces
 15574 | Orc:2    | Bought a potion of cancellation for 112 gold pieces
 15575 | Orc:2    | Bought a runed broad axe for 175 gold pieces
 15583 | Orc:2    | Bought a scroll of identify for 50 gold pieces
 16139 | Orc:1    | Found Ynedir's Firing Range.
 16891 | D:13     | Identified the +0 storm dragon scales of Fashionability
                  | {rElec rC+++ MP-9 Str+7 Dex-3}
 16921 | D:13     | Found a gate to the Vaults.
 17202 | D:14     | Noticed a fire giant
 17207 | D:14     | Killed a fire giant
 17277 | D:14     | Received a gift from Trog
 17367 | D:14     | Reached XP level 16. HP: 139/139 MP: 7/16
 17919 | D:14     | Found a sparkling altar of Nemelex Xobeh.
 17995 | D:15     | Entered Level 15 of the Dungeon
 18058 | D:15     | Noticed Roxanne
 18076 | D:15     | Killed Roxanne
 18293 | D:15     | Found a staircase to the Depths.
 18440 | D:15     | Received a gift from Trog
 18487 | D:15     | Mangled by a swamp worm

Illustrated notes

Levels and vault maps discovered:
D:1:      lemuel_arrival_tunnels, layout_basic
D:2:      layout_rooms, shapermc_ecumenical_altar_gd, uniq_natasha,
          uniq_terence, uniq_jessica
D:3:      layout_rooms
D:4:      layout_loops_ring, minmay_temple_entry_trees
D:6:      minmay_chambers_of_threes, layout_loops_ring,
          nicolae_dithmenos_the_darkroom
D:7:      layout_gridville, grunt_temple_overflow_open, uniq_prince_ribbit1
D:8:      layout_rooms, serial_curves, eino_curves_02, eino_curves_04,
          eino_curves_03, eino_curves_01
D:9:      layout_roguey, serial_shops, shop, nicolae_shop_back_alley_shop,
          nicolae_shop_dealshenge, shop, shop, uniq_amaemon
D:10:     layout_gridville, minitemple, minmay_misc_feat_room
D:11:     layout_long_grid, minmay_lair_entry_grove, orc_0_dummy,
          gammafunk_ghost_icy
D:12:     minmay_the_grid_four_pointed_star
          [minmay_the_grid_triangle_9x9_pentomino_pain,
          minmay_the_grid_triangle_9x9_wacky_v,
          minmay_the_grid_triangle_9x9_longest,
          minmay_the_grid_triangle_9x9_empty,
          minmay_the_grid_prize_four_corners], layout_basic
D:13:     layout_roguey, hangedman_vaults_entry_quadrant_bands
D:14:     nzn_winding_woodlands_three_and_one
          [nzn_winding_woodlands_5x15_pockets,
          nzn_winding_woodlands_5x15_jagged,
          nzn_winding_woodlands_5x15_river_crossing,
          nzn_winding_woodlands_center_triple_pond], layout_loops_ring,
          nemelex_diamond_rough_becter, minivault_1
D:15:     gammafunk_depths_entry_grave, layout_irregular_city,
          nzn_hepliaklqana_mist_gate, worms_lemuel, uniq_roxanne, uniq_nessos,
          uniq_louise
Lair:1:   layout_misc_corridors, portal_ice_cave_entry_pillars_1,
          roderic_batcave, lemuel_fruit_tree, uniq_sonja
Lair:2:   layout_small_grid, mainiacjoe_swamp_entry_angry_trees,
          gauntlet_entry_generic, nzn_sisyphean_effort,
          infiniplex_staircase_pool_2, grunt_megastairs_5
Lair:3:   layout_regular_city, hellmonk_spider_entry_life_and_decay,
          basic_altar, serial_bayou_shore_b, uniq_urug
Lair:4:   layout_cave_shapes, enter_volcano_3, st_stairs_6, kennysheep_rathole
Lair:5:   cheibrodos_lair_end_hotspot, layout_hall_layers, slime_entry_2,
          ebering_ghost_inner_flame, nicolae_quartered_pool_super,
          serial_bayou_shore_a
Orc:1:    layout_diamond_mine, ebering_ghost_rock_garden,
          nicolae_shop_firing_range
Orc:2:    st_orc_pillars, layout_diamond_mine, basic_altar

Skill      XL: |  1  2  3  4  5  6  7  8  9 10 11 12 13 14 15 16 |
---------------+-------------------------------------------------+-----
Axes           | 3 4 5 6 8 10 12 14 16 17 19 20 | 20.5
Fighting       | 4 5 6 7 8 9 11 13 16 17 | 17.4
Shields        | 1 2 3 4 |  4.0
Polearms       | 2 3 |  3.0
Armour         | 3 6 7 |  7.6
Dodging        | 2 |  2.4

Action                     |  1- 3 |  4- 6 |  7- 9 | 10-12 | 13-15 | 16-18 || total
---------------------------+-------+-------+-------+-------+-------+-------++-------
  Melee: Hand axe          |   112 |    23 |       |       |       |       ||   135
         Tailslap          |     5 |    16 |    39 |    87 |   163 |    31 ||   341
         War axe           |       |   104 |    88 |       |       |       ||   192
         Punch             |       |     2 |       |       |       |       ||     2
         Battleaxe         |       |       |   181 |   465 |  1046 |   141 ||  1833
         Spear             |       |       |       |       |    36 |     7 ||    43
 Invoke: Berserk           |     1 |     2 |     3 |     7 |     7 |     2 ||    22
         Trog's Hand       |       |     3 |     3 |     9 |    13 |     2 ||    30
    Use: Potion            |       |     1 |     2 |     7 |     2 |     2 ||    14
         Scroll            |       |       |    16 |    13 |    16 |       ||    45
   Stab: Sleeping          |     1 |       |       |       |       |       ||     1
 Armour: Animal skin       |    13 |       |       |       |       |       ||    13
         Ring mail         |    65 |       |       |       |       |       ||    65
         Scale mail        |     5 |   107 |   216 |   530 |   289 |       ||  1147
         Skin              |       |       |       |    24 |       |       ||    24
         Plate armour      |       |       |       |       |   715 |       ||   715
         Storm dragon scal |       |       |       |       |   194 |   184 ||   378
  Dodge: Dodged            |    72 |    61 |   123 |   248 |   357 |    60 ||   921
  Block: Other             |       |    16 |    60 |    73 |       |       ||   149
         Reflection        |       |       |       |     1 |       |       ||     1
